 Dungeon Crawl Stone Soup version 0.31-a0-263-ge8cad7f256 (webtiles) character file.

Game seed: 13332016986206290984

56 lessens the Chopper (level 4, 0/35 HPs)
             Began as a Human Berserker on July 14, 2023.
             Was a Believer of Trog.
             Succumbed to a goblin's poison
             ... on level 3 of the Dungeon.
             The game lasted 00:01:20 (1647 turns).

lessens the Chopper (Human Berserker)               Turns: 1647, Time: 00:01:21

Health: 0/35       AC:  2    Str: 18 (19) XL:     4   Next: 17%
Magic:  4/4        EV: 12    Int:  6 (8)  God:    Trog [**....]
Gold:   93         SH:  0    Dex:  9 (12) Spells: 3/3 levels left

rFire   . . .        a - +0 hand axe
rCold   . . .        f - orb {light}
rNeg    . . .        b - +0 animal skin
rPois   .            (no helmet)
rElec   .            (no cloak)
rCorr   .            (no gloves)
SInv    .            (no boots)
Will    .....        (no amulet)
Stlth   +            (no ring)
HPRegen 0.25/turn    (no ring)
MPRegen 0.09/turn

%: no passive effects
@: lethally poisoned (0 -> -24), glowing
A: no striking features
a: Renounce Religion, Berserk, Trog's Hand


You were on level 3 of the Dungeon.
You worshipped Trog.
Trog was pleased with you.
You visited 1 branch of the dungeon, and saw 3 of its levels.

You collected 93 gold pieces.

Inventory:

Hand Weapons
 a - a +0 hand axe (weapon)
Missiles
 g - 20 stones
 r - 4 poisoned darts
Armour
 b - a +0 animal skin (worn)
 f - an orb of light (worn)
 n - a +0 pair of gloves
 p - a +0 helmet
Jewellery
 k - an amulet of the acrobat
Scrolls
 d - 2 scrolls of blinking {unknown}
 h - a scroll of enchant armour {unknown}
 i - 2 scrolls of identify {unknown}
 j - a scroll of revelation {unknown}
 l - a scroll of noise {unknown}
 q - a scroll of teleportation {unknown}
Potions
 c - a potion of degeneration
 e - a potion of lignification {unknown}
 m - a potion of heal wounds {unknown}
 o - 2 potions of might {unknown}


   Skills:
 - Level 3.0 Fighting
 + Level 4.7 Axes
 - Level 2.0 Armour
 - Level 2.0 Dodging


You had 3 spell levels left.
You didn't know any spells.
Your spell library was empty.

Dungeon Overview and Level Annotations

Branches:
Dungeon (3/15) Zot: 16344

Altars:

Annotations:
D:3 2 runed translucent doors


Message History

You climb downwards.
Level annotation: 2 runed translucent doors The goblin shouts!
Found 10 gold pieces.
Found a stone staircase leading down.
There is a stone staircase leading up here.
There are monsters nearby!
There are monsters nearby!
There are monsters nearby!
A worm comes into view.
You barely miss the goblin. The goblin hits you but does no damage.
You hit the goblin.
You kill the goblin!
Trog accepts your kill.
You slash the worm!
The worm is heavily wounded.
You closely miss the goblin.
The goblin hits you with a +1 dagger of venom.
You are poisoned.
You hit the worm but do no damage.
The worm is heavily wounded.
You hit the goblin.
You feel very sick.
The goblin hits you with a +1 dagger of venom.
You are more poisoned.
The worm bites you!
You slash the worm!
The worm is almost dead.
You barely miss the goblin.
You feel very sick.
The goblin hits you with a +1 dagger of venom.
You are lethally poisoned!
The worm bites you!
* * * LOW HITPOINT WARNING * * *
The goblin completely misses you.
You are too injured to fight recklessly!
You are too injured to fight recklessly!
It was a potion of degeneration.
There was something very wrong with that liquid.
You feel weakened.
You feel dopey.
You feel clumsy.
You die...

# # ### .###
#. #.. ...
###. #.#..#
$..##.#..####
##...........
#...#g#......
#.<@w..#
#...###.##
.>....# #
...... #####


You could see a worm and a goblin.

Vanquished Creatures
  2 gnolls (D:3)
  A worm (D:3)
  2 dart slugs
  An orc (D:3)
  3 endoplasms
  A giant cockroach (D:3)
  5 goblins
  2 hobgoblins (D:2)
  3 kobolds
  A quokka (D:1)
  4 ball pythons
  A bat (D:3)
  4 rats
30 creatures vanquished.

Notes
Turn   | Place    | Note
-------+----------+-------------------------------------------
     0 | D:1      | lessens the Human Berserker began the quest for the Orb.
     0 | D:1      | Reached XP level 1. HP: 18/18 MP: 1/1
   239 | D:1      | Reached XP level 2. HP: 19/24 MP: 2/2
  1113 | D:2      | Reached skill level 4 in Axes
  1113 | D:2      | Reached XP level 3. HP: 23/29 MP: 3/3
  1363 | D:2      | Found a faded altar of an unknown god.
  1451 | D:3      | Reached ** piety under Trog
  1471 | D:3      | Reached XP level 4. HP: 21/35 MP: 4/4
  1472 | D:3      | Found a large runed translucent door.
  1482 | D:3      | Found a large runed translucent door.
  1647 | D:3      | Succumbed to a goblin's poison

Illustrated notes

Levels and vault maps discovered:
D:1:      dpeg_arrival_round_b, layout_loops_ring, minmay_misc_feat_rugged,
          minmay_misc_feat_cross, st_stairs_8
D:2:      layout_rooms, shapermc_ecumenical_altar_petra,
          minmay_misc_feat_pillars, kennysheep_cross_room
D:3:      layout_loops_ring, jmf_multi_god_temple2, uniq_robin, uniq_ijyb

Skill      XL: |  1  2 |
---------------+-------+-----
Axes           | 4 |  4.7
Fighting       | |  3.0
Armour         | |  2.0
Dodging        | |  2.0

Action                     |  1- 3 |  4- 6 || total
---------------------------+-------+-------++-------
  Melee: Hand axe          |    78 |    12 ||    90
    Use: Potion            |       |     1 ||     1
 Armour: Animal skin       |     8 |     1 ||     9
  Dodge: Dodged            |    34 |     3 ||    37

Table legend: (Time is in decaauts)
 A = Elapsed time spent in this place.
 B = Non-inter-level travel time spent in this place.
 C = Inter-level travel time spent in this place.
 D = Time resting spent in this place.
 E = Time spent auto-exploring this place.
 F = Levels seen in this place.
 G = Mean time per level.
                   A        B        C        D        E       F      G
               +--------+--------+--------+--------+--------+-----+--------+
         Total |   1655 |   1573 |     82 |      0 |   1352 |   3 |  551.7 |
       Dungeon |   1655 |   1573 |     82 |      0 |   1352 |   3 |  551.7 |
               +--------+--------+--------+--------+--------+-----+--------+

Top non-repeatable levels by time:
     D:1: 810 daAuts
     D:2: 731 daAuts
     D:3: 113 daAuts

Levels and vault maps discovered:
D:1:      dpeg_arrival_round_b, layout_loops_ring, minmay_misc_feat_rugged,
          minmay_misc_feat_cross, st_stairs_8
D:2:      layout_rooms, shapermc_ecumenical_altar_petra,
          minmay_misc_feat_pillars, kennysheep_cross_room
D:3:      layout_loops_ring, jmf_multi_god_temple2, uniq_robin, uniq_ijyb
